 Dungeon Crawl Stone Soup version 0.29.1-13-g9f3cf754e1 (webtiles) character file.

Game seed: 12297325776493068924

5054 cheesebisquit the Skirmisher (level 10, -2/91 HPs)
             Began as a Minotaur Hunter on Jan 29, 2023.
             Was a Believer of Okawaru.
             Slain by Harold
             ... wielding a +8 dire flail of protection
              (32 damage)
             ... on level 9 of the Dungeon.
             The game lasted 00:45:03 (9715 turns).

cheesebisquit the Skirmisher (Minotaur Hunter)      Turns: 9715, Time: 00:45:04

Health: -2/91      AC: 15    Str: 16    XL:     10   Next: 31%
Magic:  9/9        EV: 18    Int:  6    God:    Okawaru [**....]
Gold:   16         SH:  0    Dex: 30    Spells: 9/9 levels left

rFire   . . .      SeeInvis .   a - +3 shortbow
rCold   . . .      Faith    .   (shield currently unavailable)
rNeg    . . .      Spirit   .   h - +1 leather armour {rPois}
rPois   +          Reflect  .   (helmet restricted)
rElec   .          Harm     .   K - +2 cloak {Will+}
rCorr   .          Rampage  .   G - +2 pair of gloves
Will    +....                   p - +2 pair of boots
Stlth   ++........              e - amulet of regeneration
HPRegen 1.05/turn               J - +6 ring of dexterity
MPRegen 0.11/turn               v - +6 ring of dexterity

@: studying 2 skills
A: horns 2, retaliatory headbutt
a: Renounce Religion, Heroism


You were on level 9 of the Dungeon.
You worshipped Okawaru.
Okawaru was pleased with you.
You visited 2 branches of the dungeon, and saw 10 of its levels.
You also visited: Sewer and Ossuary.

You collected 451 gold pieces.
You spent 435 gold pieces at shops.

Inventory:

Hand Weapons
 a - a +3 shortbow (weapon)
 g - a +2 vorpal sling
 o - a +0 sling
 q - a +0 vorpal shortbow
Missiles
 r - 38 poisoned darts
Armour
 h - a +1 leather armour of poison resistance (worn)
 p - a +2 pair of boots (worn)
 C - a +0 kite shield
 G - a +2 pair of gloves (worn)
 I - +0 steam dragon scales
 K - a +2 cloak of willpower (worn)
Jewellery
 e - an amulet of regeneration (around neck)
 v - a +6 ring of dexterity (right hand)
 w - a ring of positive energy
 J - a +6 ring of dexterity (left hand)
Wands
 f - a wand of paralysis (12)
 l - a wand of roots (20)
 t - a wand of mindburst (11)
 D - a wand of flame (12)
Scrolls
 b - 5 scrolls of immolation
 d - a scroll of poison
 n - 4 scrolls of teleportation
 y - a scroll of magic mapping {unknown}
 z - a scroll of brand weapon {unknown}
 E - a scroll of blinking
 H - a scroll of amnesia
Potions
 c - a potion of magic
 i - a potion of brilliance
 j - 3 potions of lignification
 k - 3 potions of heal wounds
 m - a potion of cancellation {unknown}
 s - 9 potions of curing
 u - 3 potions of mutation
 x - a potion of invisibility {unknown}
 A - 7 potions of might
 B - 3 potions of flight


   Skills:
 + Level 9.4 Fighting
 * Level 12.6 Ranged Weapons
 + Level 8.6 Armour
 - Level 6.5 Dodging
 - Level 0.7 Stealth


You had 9 spell levels left.
You didn't know any spells.
Your spell library contained the following spells:

 Spells                   Type           Power      Damage    Failure   Level
 Apportation              Tloc           0%         N/A       52%         1
 Foxfire                  Conj/Fire      0%         2x1d4     52%         1
 Necrotise                Necr           0%         1d4       52%         1
 Slow                     Hex            0%         N/A       52%         1
 Confusing Touch          Hex            0%         N/A       87%         3
 Conjure Flame            Conj/Fire      0%         6-21      87%         3
 Ignite Poison            Fire/Tmut/Pois 0%         N/A       87%         3
 Inner Flame              Hex/Fire       0%         N/A       87%         3
 Vampiric Draining        Necr           0%         2d6       87%         3
 Flame Wave               Conj/Fire      0%         2d4       99%         4
 Sticky Flame             Conj/Fire      0%         2d3       99%         4
 Summon Small Mammal      Summ           Unusable   N/A       N/A         1

Dungeon Overview and Level Annotations

Branches:
Dungeon (9/15)             Temple (1/1) D:6           Sewer (visited)
Ossuary (visited)
   Lair: D:8-11         Orc: D:9-12

Altars:
Ashenzari
Cheibriados
Dithmenos
Fedhas
Gozag
Hepliaklqana
Kikubaaqudgha
Nemelex Xobeh
Okawaru
Qazlal
Ru
Sif Muna
Trog
Uskayaw
Vehumet
Xom
Yredelemnul
Zin
The Shining One

Shops:
D:3 ?[[**   D:4 [   D:7 (   D:8 [(=!:

Annotations:
D:6 3 runed translucent doors, SirLogeyBear's ghost, novice HOBe
D:9 Harold


Innate Abilities, Weirdness & Mutations

You have a pair of horns on your head.
You reflexively headbutt those who attack you in melee.


Message History

Harold is moderately wounded.
Harold hits you with a +8 dire flail of protection.
Fire: a) +3 shortbow
Press: ? - help, Q - select action, (/) - cycle Shift-Dir - straight line, f/p - Harold
Aim: Harold, wielding a +8 dire flail of protection and wearing a +0 chain mail of fire resistance (moderately wounded, 84% to hit)
You shoot an arrow. The arrow hits Harold!
Harold is heavily wounded.
Fire: a) +3 shortbow
Press: ? - help, Q - select action, (/) - cycle Shift-Dir - straight line, f/p - Harold
Aim: Harold, wielding a +8 dire flail of protection and wearing a +0 chain mail of fire resistance (heavily wounded, 84% to hit)
You shoot an arrow. The arrow hits Harold.
Harold is heavily wounded.
Harold hits you with a +8 dire flail of protection!!
Fire: a) +3 shortbow
Press: ? - help, Q - select action, (/) - cycle Shift-Dir - straight line, f/p - Harold
Aim: Harold, wielding a +8 dire flail of protection and wearing a +0 chain mail of fire resistance (heavily wounded, 84% to hit)
You shoot an arrow.
The arrow hits Harold but does no damage.
Harold is heavily wounded.
Harold barely misses you.
Fire: a) +3 shortbow
Press: ? - help, Q - select action, (/) - cycle Shift-Dir - straight line, f/p - Harold
Aim: Harold, wielding a +8 dire flail of protection and wearing a +0 chain mail of fire resistance (heavily wounded, 84% to hit)
You shoot an arrow.
The arrow hits Harold but does no damage.
Harold is heavily wounded.
Harold barely misses you.
Fire: a) +3 shortbow
Press: ? - help, Q - select action, (/) - cycle Shift-Dir - straight line, f/p - Harold
Aim: Harold, wielding a +8 dire flail of protection and wearing a +0 chain mail of fire resistance (heavily wounded, 84% to hit)
You shoot an arrow. The arrow hits Harold.
Harold is heavily wounded.
Harold hits you with a +8 dire flail of protection!!
Fire: a) +3 shortbow
Press: ? - help, Q - select action, (/) - cycle Shift-Dir - straight line, f/p - Harold
Aim: Harold, wielding a +8 dire flail of protection and wearing a +0 chain mail of fire resistance (heavily wounded, 84% to hit)
You shoot an arrow. The arrow hits Harold!
Harold is severely wounded.
Harold hits you with a +8 dire flail of protection!!
You die...

... ..... .....
.. #...# #####
..###...####.(.#
...........(@..#
...........@...#
..............#
..............#
.###...###...#
#...# #...#
#..........#
#..........#
#..........#


You could see Harold.

Vanquished Creatures
  Joseph (D:8)
  Maggie (D:8)
  A hornet (D:8)
  Prince Ribbit (D:6)
  The ghost of SirLogeyBear the Chopper, an amateur HOBe of Trog (D:4)
  2 wyverns (D:8)
  2 steam dragons
  Menkaure (Ossuary)
  2 water moccasins
  An orc warrior (D:8)
  A sky beast (D:7)
  A black bear (D:8)
  3 ogres
  3 phantoms
  4 bullfrogs
  A kobold brigand (D:6)
  A necrophage (D:5)
  2 scorpions
  A gnoll sergeant (D:5)
  3 wights (D:5)
  7 killer bees (D:8)
  3 howler monkeys
  3 jellies
  A hound (D:5)
  3 quasits (D:4)
  An orc priest (D:3)
  Crazy Yiuf (D:2)
  2 gnoll boudas (D:7)
  Ijyb (D:3)
  5 iguanas
  2 orc wizards (D:5)
  Natasha (thrice) (D:4)
  3 mummies (Ossuary)
  13 gnolls
  A river rat (Sewer)
  13 adders
  A shadow imp (D:8)
  4 white imps
  2 ufetubi
  2 worms (D:4)
  3 dart slugs
  25 orcs
  11 endoplasms
  19 giant cockroaches
  11 goblins
  10 hobgoblins
  7 jackals
  3 quokkas
  13 ball pythons
  5 bats
  18 frilled lizards
  4 gnoll skeletons (Ossuary)
  4 gnoll zombies (Ossuary)
  5 goblin skeletons (Ossuary)
  4 goblin zombies (Ossuary)
  4 hobgoblin skeletons (Ossuary)
  7 hobgoblin zombies (Ossuary)
  13 kobolds
  2 kobold skeletons (Ossuary)
  4 kobold zombies (Ossuary)
  6 orc skeletons (Ossuary)
  2 orc zombies (Ossuary)
  10 rats
  4 rat skeletons (Ossuary)
  4 rat zombies (Ossuary)
302 creatures vanquished.

Notes
Turn   | Place    | Note
-------+----------+-------------------------------------------
     0 | D:1      | cheesebisquit the Minotaur Hunter began the quest for the
                  | Orb.
     0 | D:1      | Reached XP level 1. HP: 18/18 MP: 0/0
    91 | D:1      | Found a faded altar of an unknown god.
   102 | D:1      | Reached XP level 2. HP: 25/25 MP: 1/1
   365 | D:1      | Reached skill level 5 in Ranged Weapons
   418 | D:1      | Reached XP level 3. HP: 31/31 MP: 2/2
  1117 | D:2      | Reached XP level 4. HP: 38/38 MP: 3/3
  1497 | D:2      | You fall into a shaft and drop 2 floors!
  1515 | D:3      | Found Zyoroas's General Store.
  1788 | D:2      | Found a runed translucent door.
  1789 | D:2      | Noticed Crazy Yiuf
  1829 | D:3      | Found a blossoming altar of Fedhas.
  1897 | D:3      | Reached XP level 5. HP: 46/46 MP: 4/4
  1910 | D:3      | Noticed Ijyb
  2201 | D:3      | Killed Ijyb
  2202 | D:3      | Reached skill level 6 in Ranged Weapons
  2308 | D:3      | Found Quret's Magic Scroll Shoppe.
  2312 | D:3      | Bought a scroll of identify for 22 gold pieces
  2312 | D:3      | Bought a scroll of teleportation for 33 gold pieces
  2312 | D:3      | Bought a scroll of identify for 22 gold pieces
  2346 | D:3      | Found Celisoem's Antique Armour Shop.
  2439 | D:3      | Found Cimah's Assorted Antiques.
  2504 | D:3      | Bought a scroll labelled CURISM ETAEWOSOGG for 24 gold
                  | pieces
  2628 | D:3      | Found Veclesch's Armour Shop.
  2892 | D:3      | Bought a scroll of butterflies for 44 gold pieces
  2923 | D:4      | Noticed an ogre
  3162 | D:4      | Reached XP level 6. HP: 53/53 MP: 5/5
  3251 | D:4      | Noticed SirLogeyBear's ghost (amateur HOBe)
  3279 | D:4      | Found a transporter.
  3294 | D:4      | Reached skill level 7 in Ranged Weapons
  3363 | D:4      | Noticed Natasha
  3368 | D:4      | Killed Natasha
  3379 | D:4      | Found Iceal's Armour Emporium.
  3379 | D:4      | Noticed Natasha
  3385 | D:4      | Killed Natasha
  3403 | D:4      | Noticed Natasha
  3406 | D:4      | Killed Natasha
  3431 | D:4      | Reached XP level 7. HP: 60/60 MP: 6/6
  3441 | D:4      | Reached skill level 5 in Fighting
  3671 | D:4      | Reached skill level 5 in Dodging
  3776 | D:5      | Entered Level 5 of the Dungeon
  3817 | D:5      | Reached skill level 8 in Ranged Weapons
  3919 | D:5      | Found a shimmering altar of Xom.
  3985 | D:5      | Found a glowing drain.
  4029 | D:5      | Found a shadowy altar of Dithmenos.
  4056 | Sewer    | Entered a sewer
  4414 | D:5      | Reached XP level 8. HP: 70/70 MP: 7/7
  4481 | D:5      | Reached skill level 9 in Ranged Weapons
  4663 | D:5      | Found a sacrificial altar of Ru.
  5167 | D:3      | Bought a scroll of identify for 48 gold pieces
  5490 | D:6      | Noticed Prince Ribbit
  5494 | D:6      | Killed Prince Ribbit
  5542 | D:6      | Found a staircase to the Ecumenical Temple.
  5551 | Temple   | Entered the Ecumenical Temple
  5933 | Temple   | Became a worshipper of Warmaster Okawaru
  5993 | D:6      | Reached skill level 10 in Ranged Weapons
  6008 | D:6      | Found a runed translucent gate.
  6008 | D:6      | Found a runed translucent gate.
  6008 | D:6      | Found a runed translucent gate.
  6008 | D:6      | Noticed SirLogeyBear's ghost (novice HOBe)
  6044 | D:6      | Reached skill level 1 in Armour
  6119 | D:6      | Reached XP level 9. HP: 60/79 MP: 8/8
  6416 | D:6      | Found a hide-covered altar of Uskayaw.
  6672 | D:7      | Found Wykeexal's Weapon Boutique.
  6680 | D:7      | Bought a +0 vorpal shortbow for 97 gold pieces
  6734 | D:7      | Found a glowing silver altar of Zin.
  6819 | D:7      | Reached * piety under Okawaru
  7126 | D:7      | Identified the +12 quarterstaff of the Hills {antimagic,
                  | rPois Str+2}
  7521 | D:3      | Bought a scroll of identify for 48 gold pieces
  7569 | D:4      | Found a transporter.
  7583 | D:4      | Killed SirLogeyBear's ghost
  7584 | D:4      | Reached skill level 11 in Ranged Weapons
  7584 | D:4      | Reached skill level 5 in Armour
  7716 | D:2      | Killed Crazy Yiuf
  7994 | D:8      | Found Hedda's Weapon Emporium.
  8038 | D:8      | Noticed Joseph
  8046 | D:8      | Killed Joseph
  8095 | D:8      | Reached ** piety under Okawaru
  8191 | D:8      | Found a sand-covered staircase.
  8199 | Ossuary  | Entered an ossuary
  8659 | Ossuary  | Noticed Menkaure
  8664 | Ossuary  | Killed Menkaure
  8778 | D:8      | Found Rutrerig's Distillery.
  8824 | D:8      | Found Odwa Poa's Jewellery Boutique.
  8838 | D:8      | Noticed Maggie
  8860 | D:8      | Killed Maggie
  8861 | D:8      | Reached skill level 12 in Ranged Weapons
  8861 | D:8      | Reached XP level 10. HP: 78/91 MP: 9/9
  8873 | D:8      | Found Sibreot's Armour Shoppe.
  9051 | D:8      | Found Nufaomem's Book Shop.
  9218 | D:8      | Found a hazy altar of Hepliaklqana.
  9511 | D:3      | Bought a scroll of enchant armour for 97 gold pieces
  9694 | D:9      | Noticed Harold
  9715 | D:9      | Slain by Harold

Illustrated notes

Levels and vault maps discovered:
D:1:      minmay_arrival_up_and_down, layout_basic,
          nicolae_ecumenical_snake_handling, st_stairs_1,
          chequers_serial_rivers_room_a
D:2:      layout_basic, minmay_statues_item, minmay_tetromino_o2,
          uniq_crazy_yiuf_cottage
D:3:      minmay_roachtagon, layout_loops_ring, fedhas_ov_isle_minmay,
          serial_shops, nicolae_shop_advertising_works
          [nicolae_subvault_shop_adworks], shop, nicolae_shop_hallway_plus,
          shop, nicolae_diamond_shop, chequers_serial_rivers_room_a,
          minmay_pentomino_pile, uniq_ijyb
D:4:      layout_basic, gammafunk_ghost_stat_death, kennysheep_small_circle,
          uniq_natasha
D:5:      layout_basic, grunt_dithmenos_smoke, nicolae_ru_awakened_eye,
          mainiacjoe_overflow_alcove_1, gup_sewer_entry_glass,
          dk_noncrumbling_3, corexii_shack, minmay_misc_feat_nine_boxes,
          minmay_crystal_room, minmay_crossroads
D:6:      layout_basic, amcnicky_altar_gilded, minmay_temple_entry_stoned_glass,
          biasface_ghost_orc_armoury, uniq_prince_ribbit1
D:7:      layout_basic, old_standard_altar, serial_shops,
          nicolae_shop_statue_plus, minmay_manual_mess
D:8:      layout_basic, worldfamousw_hep_ancestral_shrine, serial_shops, shop,
          shop, nicolae_stop_n_shop_1, nicolae_inconvenience_store, shop,
          chequers_ossuary_entry_cave, kennysheep_dice, uniq_joseph, uniq_maggie
D:9:      minmay_the_grid_octo_2x2 [minmay_the_grid_octo_clover,
          minmay_the_grid_octo_pinwheel, minmay_the_grid_octo_empty,
          minmay_the_grid_octo_prize_star], layout_gridville, elyvilon_altar_1,
          nzn_wu_jian_council_hall, uniq_harold
Temple:   minmay_temple_forest_path

Skill      XL: |  1  2  3  4  5  6  7  8  9 10 |
---------------+-------------------------------+-----
Ranged Weapons | 5 6 7 8 10 12 | 12.6
Fighting       | 3 4 6 7 9 |  9.4
Dodging        | 3 4 5 6 |  6.5
Armour         | 2 7 8 |  8.6
Stealth        | |  0.7

Action                   |  1- 3 |  4- 6 |  7- 9 | 10-12 || total
-------------------------+-------+-------+-------+-------++-------
 Fire: Shortbow          |   105 |   204 |   464 |    67 ||   840
  Use: Scroll            |       |     9 |     9 |     1 ||    19
       Potion            |       |     8 |       |       ||     8
Armor: Leather armour    |    10 |    16 |    16 |    11 ||    53
       Ring mail         |       |       |    16 |       ||    16
       Steam dragon scal |       |       |    14 |       ||    14
Dodge: Dodged            |    21 |    53 |   113 |    50 ||   237
